 Dungeon Crawl Stone Soup version 0.29-a0-243-g602b31c20e (webtiles) character file.

Game seed: 2743692074392223770

649083 gruber the Cryomancer (level 27, 172/172 (173) HPs)
             Began as a Gargoyle Ice Elementalist on Feb 18, 2022.
             Was the Champion of Vehumet.
             Quit the game in the Vestibule of Hell on Mar 5, 2022.
             The game lasted 03:16:56 (94809 turns).

gruber the Cryomancer (Gargoyle Ice Elementalist)  Turns: 94809, Time: 03:16:56

HP:   172/172 (173) AC: 50    Str: 29      XL:     27
MP:   53/53         EV: 13    Int: 28 (29) God:    Vehumet [******]
Gold: 10425         SH: 10    Dex:  8 (11) Spells: 21/70 levels left

rFire   + + .      SeeInvis +   X - +8 eveningstar "Xajion" {vorpal, Fragile +Blink Will++ Stlth+}
rCold   + + +      Faith    .   n - +3 warlock's mirror {reflect}
rNeg    + + +      Spirit   +   B - +1 pearl dragon scales of the Modern Mice {rPois rN+ Str+4}
rPois   ∞          Reflect  +   G - +2 helmet of Gowiggi {rF++ rC+ Dex-3}
rElec   +          Harm     .   H - +0 cloak "Wawikk Ruem" {rC+ rN+ Stlth+}
rCorr   +          Rampage  .   W - +2 pair of gloves {Str+3}
Will    ++++.                   q - +1 pair of boots
Stlth   ++........              y - amulet of guardian spirit
HPRegen 0.38/turn               j - ring of Qoedghyb {MP+9 Str+3 SInv}
MPRegen 0.33/turn               s - ring of Recklessness {rC+ rCorr Str+6 Dex+4}

@: flying, studying Staves, lightly drained
A: sickness immunity, AC +20, big wings, negative energy resistance 1,
electricity resistance, torment resistance 1, petrification resistance, low MP
1, screaming 1, inability to read while threatened
}: 4/15 runes: decaying, slimy, abyssal, gossamer
a: Renounce Religion, Evoke Blink


You were in the Vestibule of Hell.
You worshipped Vehumet.
Vehumet was exalted by your worship.
You visited 16 branches of the dungeon, and saw 68 of its levels.
You visited the Abyss 3 times.
You also visited: Gauntlet.

You collected 10578 gold pieces.
You spent 153 gold pieces at shops.

Inventory:

Hand Weapons
 o - a +3 eveningstar of holy wrath
 w - a +9 vorpal demon whip
 X - the +8 eveningstar "Xajion" (weapon) {vorpal, Fragile +Blink Will++ Stlth+}
   (You found it on level 3 of the Crypt)

   It inflicts extra damage upon your enemies.
   +Blink:    It lets you blink.
   Fragile:   It will be destroyed if unequipped.
   Will:      It greatly increases your willpower.
   Stlth:     It makes you more stealthy.
Missiles
 b - 10 curare-tipped darts
 M - 8 throwing nets
Armour
 n - the +3 warlock's mirror (worn) {reflect}
   (You found it in a Gauntlet)

   It can block and reflect piercing ranged attacks and magical attacks against
   the wielder's willpower.
 q - a +1 pair of boots (worn)
 B - the +1 pearl dragon scales of the Modern Mice (worn) {rPois rN+ Str+4}
   (You took it off a minotaur in a Gauntlet)

   Str:       It affects your strength (+4).
   rPois:     It protects you from poison.
   rN:        It protects you from negative energy.
 D - the +3 Mad Mage's Maulers {Infuse+∞ RegenMP Int-3}
   (You acquired it on level 6 of the Dungeon)

   It empowers its wearer's blows with all of their magic.
   It causes its wearer's magical reserves to regenerate more quickly.
   Int:       It affects your intelligence (-3).
 G - the +2 helmet of Gowiggi (worn) {rF++ rC+ Dex-3}
   (You found it on level 3 of the Realm of Zot)

   Dex:       It affects your dexterity (-3).
   rF:        It greatly protects you from fire.
   rC:        It protects you from cold.
 H - the +0 cloak "Wawikk Ruem" (worn) {rC+ rN+ Stlth+}
   (You acquired it on level 6 of the Dungeon)

   rC:        It protects you from cold.
   rN:        It protects you from negative energy.
   Stlth:     It makes you more stealthy.
 W - a +2 pair of gloves of strength (worn)
Jewellery
 j - the ring of Qoedghyb (left hand) {MP+9 Str+3 SInv}
   (You found it in a Gauntlet)

   [ring of magical power]

   Str:       It affects your strength (+3).
   MP:        It affects your magic capacity (+9).
   SInv:      It lets you see invisible.
 s - the ring of Recklessness (right hand) {rC+ rCorr Str+6 Dex+4}
   (You took it off a death knight on level 3 of the Crypt)

   [ring of strength]

   Str:       It affects your strength (+6).
   Dex:       It affects your dexterity (+4).
   rC:        It protects you from cold.
   rCorr:     It protects you from acid and corrosion.
 y - an amulet of guardian spirit (around neck)
 z - the ring "Laran" {rF+ rN++ Will+ Dex+6}
   (You found it on level 5 of the Pits of Slime)

   [ring of dexterity]

   Dex:       It affects your dexterity (+6).
   rF:        It protects you from fire.
   rN:        It greatly protects you from negative energy.
   Will:      It increases your willpower.
Wands
 m - a wand of flame (139)
 O - a wand of acid (8)
 P - a wand of mindburst (12)
 S - a wand of digging (49)
 U - a wand of iceblast (34)
Scrolls
 a - a scroll of silence
 c - 11 scrolls of blinking
 e - 4 scrolls of torment
 f - 8 scrolls of fear
 k - 14 scrolls of fog
 l - 14 scrolls of teleportation
 t - 8 scrolls of magic mapping
 v - 7 scrolls of enchant armour
 A - 3 scrolls of brand weapon
 K - 6 scrolls of amnesia
 T - 5 scrolls of holy word
 Y - 4 scrolls of summoning
Potions
 h - 3 potions of invisibility
 p - 8 potions of might
 u - 13 potions of curing
 x - 5 potions of haste
 C - 5 potions of magic
 E - 2 potions of berserk rage
 J - 4 potions of resistance
 L - 9 potions of ambrosia
 N - 6 potions of brilliance
 Q - 3 potions of heal wounds
 R - 4 potions of cancellation
 Z - 7 potions of lignification
Miscellaneous
 g - a lightning rod (4/4)


   Skills:
 - Level 18.0 Fighting
 - Level 16.5 Maces & Flails
 - Level 16.0 Armour
 - Level 12.0 Dodging
 - Level 2.1 Stealth
 - Level 15.0 Shields
 - Level 22.0 Spellcasting
 - Level 13.1 Conjurations
 - Level 5.1 Hexes
 - Level 24.0 Ice Magic
 - Level 7.0 Air Magic
 * Level 16.4 Earth Magic
 - Level 9.7 Evocations


You had 21 spell levels left.
You knew the following spells:

 Your Spells              Type           Power      Damage    Failure   Level
a - Freeze                Ice            100%       1d11      0%          1
b - Frozen Ramparts       Ice            100%       1d12      0%          3
c - Ozocubu's Armour      Ice            100%       N/A       0%          3
d - Hailstorm             Conj/Ice       94%        3d19      0%          4
e - Mephitic Cloud        Conj/Pois/Air  62%        N/A       1%          3
f - Airstrike             Air            31%        N/A       1%          4
g - Metabolic Englaciati  Hex/Ice        42%        N/A       1%          5
h - Stone Arrow           Conj/Erth      100%       3d13      0%          3
i - Freezing Cloud        Conj/Ice/Air   42%        6-21      1%          5
j - Polar Vortex          Ice            52%        N/A       3%          9
k - Shatter               Erth           44%        3d34*     56%         9

Your spell library contained the following spells:

 Spells                   Type           Power      Damage    Failure   Level
 Chain Lightning          Conj/Air       36%        3d48      100%        9
 Magic Dart               Conj           100%       1d8       0%          1
 Sandblast                Erth           100%       2d20      0%          1
 Ensorcelled Hibernation  Hex/Ice        100%       N/A       0%          2
 Foxfire                  Conj/Fire      100%       2x1d9     1%          1
 Shock                    Conj/Air       100%       1d9       1%          1
 Corpse Rot               Necr/Air       100%       N/A       1%          2
 Passwall                 Tmut/Erth      55%        N/A       1%          2
 Poisonous Vapours        Pois/Air       100%       N/A       1%          2
 Static Discharge         Conj/Air       72%        N/A       1%          2
 Conjure Flame            Conj/Fire      61%        6-21      1%          3
 Inner Flame              Hex/Fire       45%        N/A       1%          3
 Swiftness                Air            63%        N/A       1%          3
 Tukima's Dance           Hex            56%        N/A       1%          3
 Animate Armour           Summ/Erth      100%       N/A       1%          4
 Flame Wave               Conj/Fire      61%        2d12      1%          4
 Fulminant Prism          Conj/Hex       35%        3d18      1%          4
 Ice Form                 Ice/Tmut       78%        N/A       1%          4
 Iskenderun's Mystic Bla  Conj/Tloc      61%        2d13      1%          4
 Leda's Liquefaction      Hex/Erth       37%        N/A       1%          4
 Petrify                  Tmut/Erth      67%        N/A       1%          4
 Fireball                 Conj/Fire      30%        3d13      1%          5
 Lee's Rapid Deconstruct  Erth           44%        3d22*     1%          5
 Lightning Bolt           Conj/Air       36%        1d54      1%          5
 Conjure Ball Lightning   Conj/Air       36%        3x3d12    1%          6
 Ozocubu's Refrigeration  Ice            52%        4d15      1%          7
 Animate Skeleton         Necr           60%        N/A       2%          1
 Apportation              Tloc           60%        N/A       2%          1
 Pain                     Necr           100%       1d9       2%          1
 Sting                    Tmut/Pois      100%       1d8       2%          1
 Portal Projectile        Hex/Tloc       90%        N/A       2%          3
 Summon Guardian Golem    Hex/Summ       45%        N/A       2%          3
 Borgnjor's Vile Clutch   Necr/Erth      33%        N/A       2%          5
 Simulacrum               Ice/Necr       39%        N/A       2%          6
 Blink                    Tloc           60%        N/A       3%          2
 Call Imp                 Summ           30%        N/A       3%          2
 Cause Fear               Hex            28%        N/A       3%          4
 Silence                  Hex/Air        30%        N/A       5%          5
 Summon Lightning Spire   Summ/Air       50%        N/A       6%          4
 Olgreb's Toxic Radiance  Pois           30%        N/A       7%          4
 Starburst                Conj/Fire      30%        6d9       7%          6
 Gell's Gravitas          Tloc           30%        N/A       8%          3
 Spider Form              Tmut/Pois      30%        N/A       8%          3
 Teleport Other           Tloc           30%        N/A       8%          3
 Vampiric Draining        Necr           30%        2d8       8%          3
 Anguish                  Hex/Necr       22%        N/A       9%          4
 Lehudib's Crystal Spear  Conj/Erth      42%        10d10     11%         8
 Animate Dead             Necr           15%        N/A       24%         4
 Dispel Undead            Necr           30%        3d14      24%         4
 Passage of Golubria      Tloc           30%        N/A       24%         4
 Summon Mana Viper        Hex/Summ       45%        N/A       24%         5
 Spellforged Servitor     Conj/Summ      30%        N/A       32%         7
 Agony                    Necr           30%        N/A       56%         5
 Alistair's Intoxication  Tmut/Pois      20%        N/A       56%         5
 Excruciating Wounds      Necr           15%        N/A       56%         5
 Manifold Assault         Tloc           30%        N/A       56%         5
 Summon Forest            Summ/Tloc      15%        N/A       56%         5
 Eringya's Noxious Bog    Tmut/Pois      15%        N/A       65%         6
 Maxwell's Capacitive Co  Air            31%        ∞         89%         8
 Death Channel            Necr           15%        N/A       98%         6
 Dispersal                Tloc           15%        N/A       98%         6
 Summon Cactus Giant      Summ           15%        N/A       98%         6
 Storm Form               Tmut/Air       25%        N/A       99%         7
 Dragon Form              Tmut           15%        N/A       100%        7
 Haunt                    Necr/Summ      15%        N/A       100%        7
 Malign Gateway           Summ/Tloc      15%        N/A       100%        7
 Discord                  Hex            28%        N/A       100%        8
 Disjunction              Tloc           15%        N/A       100%        8
 Ignition                 Fire           15%        3d6       100%        8
 Summon Horrible Things   Summ           15%        N/A       100%        8
 Death's Door             Necr           15%        N/A       100%        9
 Dragon's Call            Summ           15%        N/A       100%        9
 Statue Form              Tmut/Erth      Unusable   N/A       N/A         6

Dungeon Overview and Level Annotations

Branches:
Dungeon (15/15)            Temple (1/1) D:6            Lair (6/6) D:9
  Swamp (4/4) Lair:2       Spider (4/4) Lair:3        Slime (5/5) Lair:5
    Orc (2/2) D:10            Elf (3/3) Orc:2        Vaults (4/5) D:14
  Crypt (3/3) Vaults:2       Tomb (0/3) Crypt:3      Depths (4/4) D:15
   Hell (1/1)                 Dis (0/7) Hell            Geh (7/7) Hell
    Coc (3/7) Hell            Tar (2/7) Hell            Zot (4/5) Depths:4
Gauntlet (visited)

Altars:
Ashenzari
Cheibriados
Dithmenos
Fedhas
Gozag
Hepliaklqana
Kikubaaqudgha
Makhleb
Nemelex Xobeh
Okawaru
Qazlal
Ru
Trog
Uskayaw
Vehumet
Wu Jian
Xom
Yredelemnul
Zin
The Shining One
Beogh
Jiyva

Shops:
D:5 (*(?*   D:14 ![*!   Orc:1 :   Orc:2 ?(!(   Elf:1 [   Vaults:1 *
Vaults:4 :   Depths:2 !=   Depths:4 =:=

Portals:
Hell: Lair:6 Depths:1 Depths:2 Depths:3 Depths:4
Abyss: D:8 Depths:3 Depths:4
Pandemonium: Depths:1 Depths:2
Ziggurat: Depths:1
Trove: Elf:3 (give 2 scrolls of acquirement)

Annotations:
Depths:1 exclusion: orange crystal statue


Innate Abilities, Weirdness & Mutations

You are immune to sickness and miasma.
Your stone body is resilient. (AC +20)
You are immune to poison.
Your large and strong wings let you fly.
You resist negative energy. (rN+)
You are resistant to electric shocks. (rElec)
You are resistant to unholy torment.
You are immune to petrification.
Your magical capacity is low. (-10% MP)
You occasionally shout uncontrollably at your foes.
You sometimes lose the ability to read scrolls when taking damage.


Message History

Unknown command.
The winds around you start to calm down.
You hear a trumpeting!
You are engulfed in whirling frost.
The winds around you calm down.
You can read scrolls again.
(D) Dungeon (T) Temple (L) Lair (S) Swamp (N) Spider Nest (M) Slime Pits (O) Orcish Mines (E) Elven Halls (V) Vaults (C) Crypt (W) Tomb (U) Depths (H) Hell (I) Dis (G) Gehenna (X) Cocytus (Y) Tartarus (Z) Zot
Where to? (Enter - Geh:6, ? - help) Sorry, I don't know how to get there.
(D) Dungeon (T) Temple (L) Lair (S) Swamp (N) Spider Nest (M) Slime Pits (O) Orcish Mines (E) Elven Halls (V) Vaults (C) Crypt (W) Tomb (U) Depths (H) Hell (I) Dis (G) Gehenna (X) Cocytus (Y) Tartarus (Z) Zot
Where to? (Enter - Geh:6, ? - help) Sorry, I don't know how to get there.
(D) Dungeon (T) Temple (L) Lair (S) Swamp (N) Spider Nest (M) Slime Pits (O) Orcish Mines (E) Elven Halls (V) Vaults (C) Crypt (W) Tomb (U) Depths (H) Hell (I) Dis (G) Gehenna (X) Cocytus (Y) Tartarus (Z) Zot
Where to? (Enter - Geh:6, ? - help)
There is a gateway leading out of Gehenna here.
You fly up through the gate.
Welcome back to the Vestibule of Hell!
There is a gateway to the ashen valley of Gehenna here.
Saving game... please wait.
Welcome back, gruber the Gargoyle Ice Elementalist.
Vehumet says: Let it end in hellfire!
Press ? for a list of commands and other information.
Key pressed, stopping explore.
Key pressed, stopping explore.
Key pressed, stopping explore.
Key pressed, stopping explore.
HP restored.
Done exploring.
Are you sure you want to abandon this character and quit the game? (Confirm with "yes".)

#...≈..≈...........
#.≈..§≈............
#.≈≈.≈....≈≈.......
#..≈.≈....≈........
#...≈.≈..§.........
#...≈.≈§.≈≈≈§......
#...≈....§.≈§......
#.≈≈≈....≈.≈.§≈....
#≈@≈≈≈≈.≈...≈≈§≈...
#.§§§..≈≈....≈§....
#...§....≈...§.§...
#.§..≈....≈.≈≈§§...
#.....≈..≈≈≈§......
#≈≈..≈§≈§≈.........
#..≈.≈.§.≈.........
#...≈≈§§..§........
#...≈...≈..........


There were no monsters in sight!

Vanquished Creatures
  the Royal Jelly (Slime:5)
  Dissolution (Slime:3)
  An ancient lich (Geh:6)
  3 dread liches
  Khufu (Crypt:3)
  An orb of fire (Zot:1)
  A juggernaut (Depths:3)
  Sojobo (Vaults:4)
  Boris (Vaults:3)
  Saint Roka (Vaults:1)
  4 shard shrikes (Coc:2)
  Bai Suzhen (Crypt:1)
  Xtahua (Crypt:2)
  2 curse toes
  7 golden dragons
  Nikola (Spider:4)
  6 caustic shrikes
  5 bone dragons
  2 profane servitors
  Geryon (Hell)
  A Tzitzimitl (Tar:2)
  3 electric golems
  2 doom hounds (Tar:2)
  6 Brimstone Fiends
  4 hellephants
  A tainted leviathan (Tar:1)
  14 tentacled monstrosities
  Mlioglotl (Spider:2)
  A walking earthen tome (Depths:3)
  Asterion (Vaults:3)
  A shard shrike skeleton (Crypt:1)
  18 searing wretches
  3 liches
  The ghost of Qetoluuv the Tortoise, an adept GrFi of Makhleb (Crypt:2)
  8 quicksilver dragons
  2 deep elf master archers (Elf:3)
  2 deep elf blademasters (Elf:3)
  3 titans
  A walking crystal tome (Depths:3)
  5 death cobs
  26 acid blobs
  6 ancient champions
  Frances (Swamp:2)
  11 storm dragons
  8 sphinxes
  4 tentacled starspawn (Abyss:1)
  Kirke (Swamp:1)
  10 shadow dragons
  A thorn hunter (Swamp:4)
  Donald (Lair:2)
  The ghost of DEFE the Bludgeoner, an adept DsFi of Hepliaklqana (Spider:3)
  Agnes (Spider:1)
  Roxanne (Swamp:1)
  5 tengu reavers
  6 draconian monks
  6 fenstrider witches
  3 revenants
  13 fire giants
  A nargun (Coc:1)
  8 azure jellies
  13 vault wardens
  5 deep elf sorcerers
  6 draconian knights
  11 frost giants
  2 iron dragons
  16 balrugs
  10 rockslimes
  Aizul (Vaults:3)
  3 deep elf elementalists (Elf:3)
  4 emperor scorpions
  Louise (Depths:4)
  5 draconian stormcallers
  2 orc warlords
  A cacodemon (Abyss:3)
  5 draconian scorchers
  4 draconian shifters
  A war gargoyle (Vaults:2)
  4 ghouls
  4 spriggan defenders (Depths:3)
  2 spectral caustic shrikes (Tar:1)
  10 ghost moths
  2 curse skulls (Crypt:2)
  13 ironbound preservers
  4 stone giants
  9 quicksilver oozes
  4 reapers
  2 broodmothers
  5 draconian annihilators
  17 very ugly things
  7 ironbound thunderhulks
  10 vampire knights
  2 entropy weavers
  2 eleionomae
  7 green draconians
  2 lorocyprocas
  Azrael (D:12)
  11 purple draconians
  6 elemental wellsprings
  A putrid mouth (Tar:2)
  7 deep elf demonologists
  10 yellow draconians
  2 bunyips
  8 dire elephants
  A minotaur (Gauntlet)
  3 red draconians
  14 black draconians
  2 wendigos
  9 spark wasps
  8 white draconians
  13 deep elf death magi
  Josephine (D:12)
  6 deep elf annihilators
  An ettin (shapeshifter) (Depths:3)
  3 ettins
  3 eidola
  The ghost of ma3 the Basher, a journeyman TrCK of Xom (D:10)
  2 mummy priests (Crypt:3)
  4 deep elf high priests
  11 yaktaur captains
  A shambling mangrove (Swamp:3)
  A spectral spriggan (Tar:1)
  A quicksilver dragon zombie (Crypt:1)
  A rakshasa (D:14)
  19 jiangshi
  20 great orbs of eyes
  4 blizzard demons
  2 fire dragons (Depths:3)
  A spectral iron giant (Tar:1)
  4 juggernaut simulacra
  4 salamander tyrants
  21 hydras
  3 ogre magi
  6 ice dragons
  15 vault guards
  4 caustic shrike simulacra
  9 boulder beetles
  3 ghost crabs
  2 spriggan skeletons
  The ghost of RNPValinor the Carver, a journeyman DsFi of Qazlal (D:12)
  4 death knights
  A peacekeeper (Vaults:2)
  9 stokers
  A spriggan air mage (Depths:4)
  2 jorogumos (Spider:4)
  6 radroaches
  24 centaur warriors
  8 alligators
  5 deep troll shamans
  3 ironbound frosthearts
  6 vampire magi
  A catoblepas (Lair:4)
  12 death scarabs
  17 two-headed ogres
  3 deep troll earth magi
  An orc high priest (Orc:1)
  23 dancing weapons
  10 death yaks
  11 tengu warriors
  A thrashing horror (Abyss:1)
  2 spriggan berserkers
  6 soul eaters
  31 hell hogs
  A spectral bunyip (Tar:1)
  Nergalle (Orc:1)
  10 sun demons
  13 deep elf knights
  Sonja (D:11)
  7 hell knights
  A sixfirhy (Depths:2)
  4 shadow wraiths
  45 skeletal warriors
  A fire crab (Lair:6)
  2 sun moths
  4 iron trolls
  A wretched star (Abyss:1)
  5 goliath frogs
  A spectral anaconda (Tar:2)
  9 swamp dragons
  A titan skeleton (Hell)
  7 pharaoh ants
  A death drake (shapeshifter) (Vaults:2)
  A quicksilver dragon simulacrum (Coc:2)
  30 deep trolls
  14 orb spiders
  3 spriggan druids
  3 glowing orange brains
  An anaconda zombie (Hell)
  7 deep elf archers
  7 flayed ghosts
  3 spriggan simulacra
  A golden dragon zombie (Depths:4)
  5 bog bodies
  2 fenstrider witch simulacra (Coc:1)
  27 deep elf pyromancers
  15 wizards
  12 lindwurms
  A wolf spider zombie (Spider:4)
  6 steelbarb worms
  2 kraken simulacra (Hell)
  5 orc knights
  A lindwurm (shapeshifter) (D:15)
  A harpy (shapeshifter) (D:13)
  2 spectral wolf spiders (Spider:4)
  A sphinx zombie (Depths:4)
  13 necromancers
  16 ironbound convokers
  A golden dragon skeleton (Depths:4)
  2 spectral jorogumos (Spider:4)
  A stone giant zombie (Vaults:4)
  A frost giant zombie (Crypt:2)
  3 harpies (Vaults:2)
  A shadow dragon zombie (Depths:4)
  4 orc sorcerers
  28 deep elf zephyrmancers
  An oklob plant (Lair:6)
  10 shining eyes
  24 wolf spiders
  A broodmother zombie (Spider:4)
  A mana viper (shapeshifter) (Depths:1)
  3 will-o-the-wisps
  34 ugly things
  A worldbinder (Abyss:2)
  5 cyclopes
  14 elephants
  5 draconians (Abyss:3)
  Maurice (D:12)
  34 moths of wrath
  A stone giant skeleton (Crypt:1)
  2 ice statues (Hell)
  A dire elephant zombie (Crypt:1)
  13 black mambas
  3 rust devils
  17 vault sentinels
  3 titan simulacra
  2 frost giant skeletons
  A guardian serpent (Abyss:1)
  5 smoke demons
  10 cane toads
  A storm dragon simulacrum (Coc:1)
  4 torpor snails
  A dire elephant skeleton (Hell)
  4 gargoyles
  7 eyes of devastation
  4 spectral redbacks (Spider:4)
  Maggie (D:6)
  9 hellions
  4 spriggan zombies
  4 orange demons
  2 unseen horrors
  6 rime drakes
  14 freezing wraiths
  10 komodo dragons
  An ancient zyme (Abyss:3)
  5 tormentors
  42 yaktaurs
  An anaconda simulacrum (Hell)
  A bunyip simulacrum (Coc:2)
  A redback zombie (Spider:4)
  2 sea snake zombies
  7 tengu conjurers
  6 ice devils
  An efreet (D:15)
  7 guardian mummies (Crypt:3)
  An alligator snapping turtle skeleton (Abyss:1)
  2 red devils (Lair:6)
  12 demonic crawlers
  12 trolls
  3 harpy zombies
  5 hellwings
  A queen bee (D:12)
  7 hornets
  15 meliai
  6 spectral tarantellas (Spider:4)
  The ghost of NigelTetley the Shield-Bearer, an amateur FoFi (D:8)
  3 spectral jumping spiders (Spider:4)
  2 hydra zombies (Hell)
  6 polar bears
  7 large abominations
  102 slime creatures
  2 spectral culicivoras (Spider:4)
  Grinder (D:3)
  2 jumping spider zombies
  10 blink frogs
  8 tyrant leeches
  A deep troll zombie (Vaults:4)
  2 tarantella zombies (Spider:4)
  2 raiju (Gauntlet)
  21 tarantellas
  3 ettin zombies
  An iron dragon simulacrum (Coc:2)
  4 alligator zombies
  A human simulacrum (Vaults:2)
  A stone giant simulacrum (Coc:1)
  20 culicivoras
  41 jumping spiders
  52 flying skulls
  2 centaur simulacra (D:10)
  2 starcursed masses (Abyss:3)
  Sigmund (D:5)
  A shadow (Crypt:3)
  A naga simulacrum (Coc:2)
  A ynoxinul (Depths:2)
  2 dire elephant simulacra
  5 air elementals
  4 wyverns
  A vampire (D:9)
  13 water elementals
  3 spriggans
  11 wraiths
  4 fire elementals (D:12)
  62 yaks
  4 vampire mosquitoes (D:13)
  11 small abominations
  5 basilisks
  3 hogs (Swamp:1)
  3 humans
  An alligator snapping turtle simulacrum (Coc:2)
  15 golden eyes
  5 neqoxecs
  A golden eye (shapeshifter) (Elf:2)
  50 redbacks
  5 chaos spawn
  A steam dragon (Lair:3)
  4 harpy simulacra
  17 swamp worms
  An acid dragon (D:12)
  4 wargs
  A naga (shapeshifter) (Elf:1)
  7 hell hounds
  11 water moccasins
  2 hydra simulacra
  3 floating eyes
  3 black bears
  A naga skeleton (Crypt:1)
  A cane toad skeleton (Crypt:1)
  19 orc warriors
  A black mamba simulacrum (Crypt:3)
  2 ettin simulacra
  2 swamp drakes (Swamp:1)
  5 ice beasts
  An ice dragon simulacrum (Crypt:1)
  8 necrophages
  25 ogres
  10 wolves
  13 centaurs
  11 bullfrogs
  A phantom (D:6)
  4 kobold brigands
  A scorpion (D:5)
  2 gnoll sergeants
  A human skeleton (Vaults:2)
  A water moccasin zombie (D:5)
  13 killer bees
  A yak zombie (Crypt:2)
  A troll skeleton (Crypt:1)
  A howler monkey (D:6)
  13 wights
  5 electric eels
  2 bullfrog zombies
  4 centaur zombies
  3 hounds
  13 jellies
  A centaur skeleton (D:7)
  17 orc priests
  A gnoll shaman (D:4)
  4 iguanas
  9 orc wizards
  A scorpion zombie (Crypt:2)
  6 hell rats (Lair:6)
  A lightning spire (Gauntlet)
  A killer bee zombie (D:8)
  2 naga zombies
  A dwarf skeleton (Crypt:2)
  Robin (D:3)
  10 adders
  12 gnolls
  A steam dragon skeleton (Crypt:2)
  7 white imps
  An adder skeleton (D:4)
  4 worms
  3 dart slugs
  59 orcs
  7 ball pythons
  4 bats (D:2)
  4 endoplasms
  3 giant cockroaches
  8 goblins
  6 hobgoblins
  A jackal (D:5)
  15 kobolds
  4 quokkas
  5 frilled lizards (D:1)
  A giant cockroach zombie (Crypt:2)
  5 rats
  A spectral orc (D:3)
  8 creeping infernos
  69 fire vortices
  2 lurking horrors (Abyss:3)
  7 starspawn tentacles (Abyss:1)
2623 creatures vanquished.

Vanquished Creatures (others)
  A dread lich (Crypt:1)
  A fire giant (Geh:5)
  A shard shrike simulacrum (Coc:3)
  A black draconian (Zot:4)
  A deep elf annihilator (Depths:3)
  A goliath frog (Swamp:1)
  A deep elf zephyrmancer (Elf:2)
  A fire giant zombie (Depths:2)
  An anaconda simulacrum (Coc:3)
  A hornet (Swamp:2)
  A tyrant leech (Swamp:4)
  A jumping spider (Spider:4)
  A harpy simulacrum (Coc:3)
  A bush (Depths:4)
  A creeping inferno (Geh:3)
  5 fire vortices
  2 foxfires (Abyss:1)
  41 fungi
  58 plants
  9 starspawn tentacles (Abyss:1)
  8 tentacles (Hell)
  A withered plant (Gauntlet)
139 creatures vanquished.

Grand Total: 2762 creatures vanquished

Notes
Turn   | Place    | Note
-------+----------+-------------------------------------------
     0 | D:1      | gruber the Gargoyle Ice Elementalist began the quest for
                  | the Orb.
     0 | D:1      | Reached XP level 1. HP: 10/10 MP: 3/3
   601 | D:1      | Found a faded altar of an unknown god.
   688 | D:1      | Reached XP level 2. HP: 14/15 MP: 0/5
  1156 | D:1      | Reached XP level 3. HP: 19/19 MP: 3/6
  1297 | D:2      | Learned a level 3 spell: Frozen Ramparts
  1657 | D:2      | Reached skill level 5 in Ice Magic
  1764 | D:2      | Reached XP level 4. HP: 23/24 MP: 5/8
  1879 | D:2      | Found an ancient bone altar of Kikubaaqudgha.
  2514 | D:3      | Found a basalt altar of Yredelemnul.
  2645 | D:3      | Reached XP level 5. HP: 27/28 MP: 6/9
  2816 | D:3      | Noticed Grinder
  2822 | D:3      | Paralysed by Grinder for 7 turns
  3244 | D:4      | Reached XP level 6. HP: 12/32 MP: 2/12
  3971 | D:4      | Reached skill level 6 in Ice Magic
  4149 | D:5      | Entered Level 5 of the Dungeon
  4215 | D:5      | Noticed Sigmund
  4300 | D:5      | Reached XP level 7. HP: 30/36 MP: 7/14
  4371 | D:5      | Learned a level 3 spell: Ozocubu's Armour
  4376 | D:5      | Learned a level 4 spell: Hailstorm
  4410 | D:5      | Reached skill level 5 in Spellcasting
  4487 | D:5      | Found Piosisoa's General Store.
  4729 | D:5      | Killed Sigmund
  4730 | D:5      | Reached skill level 7 in Ice Magic
  4909 | D:5      | Found Luckon's Magic Scroll Shoppe.
  5086 | D:5      | Found Filym's Weapon Boutique.
  5087 | D:5      | Found Cycweiss's General Store.
  5127 | D:5      | Noticed a troll
  5129 | D:5      | Reached XP level 8. HP: 26/41 MP: 6/15
  5276 | D:5      | Found Raegapt's Weapon Emporium.
  5360 | D:5      | Reached skill level 5 in Maces & Flails
  5568 | D:5      | Killed a troll
  5887 | D:5      | You fall into a shaft and drop 1 floor!
  5887 | D:6      | Noticed Maggie
  6234 | D:7      | Reached XP level 9. HP: 28/45 MP: 12/16
  6628 | D:7      | Noticed a hornet
  6633 | D:7      | Killed a hornet
  6860 | D:6      | Found a staircase to the Ecumenical Temple.
  6873 | Temple   | Entered the Ecumenical Temple
  6891 | Temple   | Became a worshipper of Vehumet
  6969 | D:6      | Identified 4 scrolls of acquirement
  7530 | D:3      | Killed Grinder
  7742 | D:3      | Noticed Robin
  7758 | D:3      | Killed Robin
  8312 | D:6      | Acquired the +0 cloak "Wawikk Ruem" {rC+ rN+ Stlth+}
  8331 | D:6      | Acquired the +3 Mad Mage's Maulers {Infuse+∞ RegenMP Int-3}
  8331 | D:6      | Found the +3 Mad Mage's Maulers {Infuse+∞ RegenMP Int-3}
  8334 | D:6      | Acquired 804 gold pieces
  8338 | D:6      | Acquired 1229 gold pieces
  8600 | D:6      | Reached skill level 5 in Fighting
  8817 | D:5      | Bought a scroll of teleportation for 33 gold pieces
  8817 | D:5      | Bought a scroll of blinking for 82 gold pieces
  8921 | D:5      | Bought a scroll of magic mapping for 38 gold pieces
  9218 | D:6      | Killed Maggie
  9219 | D:6      | Reached skill level 8 in Ice Magic
  9219 | D:6      | Reached XP level 10. HP: 55/59 MP: 4/17
  9284 | D:6      | Reached skill level 1 in Armour
  9473 | D:6      | Found a broken altar of Ashenzari.
 10099 | D:8      | Found a shimmering altar of Xom.
 10115 | D:8      | Reached * piety under Vehumet
 10115 | D:8      | Offered knowledge of Magic Dart by Vehumet.
 10188 | D:8      | Found an opulent altar of Gozag.
 10218 | D:8      | Found a one-way gate to the infinite horrors of the Abyss.
 10218 | D:8      | Noticed NigelTetley's ghost (amateur FoFi)
 10227 | D:8      | Found a transporter.
 10239 | D:8      | Found a transporter.
 10326 | D:8      | Found a sparkling altar of Nemelex Xobeh.
 10328 | D:8      | Found an ornate altar of the Wu Jian Council.
 10530 | D:8      | Found a shadowy altar of Dithmenos.
 10720 | D:8      | Noticed a large abomination
 11080 | D:9      | Reached skill level 5 in Armour
 11270 | D:9      | Found a staircase to the Lair.
 11466 | D:9      | Noticed a two-headed ogre
 11742 | D:9      | Noticed a two-headed ogre
 11752 | D:9      | Killed a two-headed ogre
 11799 | D:8      | Found a glowing golden altar of the Shining One.
 11888 | D:9      | Killed a two-headed ogre
 11889 | D:9      | Reached skill level 5 in Dodging
 12061 | Lair:1   | Entered Level 1 of the Lair of Beasts
 12266 | Lair:1   | Reached XP level 11. HP: 54/64 MP: 11/18
 12466 | Lair:1   | Offered knowledge of Searing Ray by Vehumet.
 12467 | Lair:1   | Reached skill level 1 in Evocations
 12485 | Lair:1   | Reached ** piety under Vehumet
 13035 | Lair:2   | Reached skill level 9 in Ice Magic
 13490 | Lair:2   | Reached skill level 10 in Ice Magic
 13755 | Lair:2   | Noticed a six-headed hydra
 14100 | Lair:2   | Killed a six-headed hydra
 14226 | Lair:2   | Noticed a five-headed hydra
 14432 | Lair:2   | Killed a five-headed hydra
 14433 | Lair:2   | Reached skill level 11 in Ice Magic
 14679 | Lair:2   | Found a staircase to the Swamp.
 14744 | Lair:3   | Found a hole to the Spider Nest.
 14758 | Lair:3   | Reached XP level 12. HP: 63/72 MP: 12/19
 14951 | Lair:3   | Offered knowledge of Poisonous Vapours by Vehumet.
 14961 | Lair:3   | Reached skill level 12 in Ice Magic
 15068 | Lair:3   | Identified the +0 ring mail "Pexaer" {Str+4}
 15303 | Lair:3   | Reached skill level 13 in Ice Magic
 15504 | Lair:3   | Reached *** piety under Vehumet
 15532 | Lair:3   | Noticed a death yak
 15533 | Lair:3   | Noticed a death yak
 15533 | Lair:3   | Noticed a death yak
 15533 | Lair:3   | Noticed a death yak
 15533 | Lair:3   | Noticed a death yak
 15570 | Lair:3   | Killed a death yak
 15570 | Lair:3   | Noticed a death yak
 15575 | Lair:3   | Killed a death yak
 15576 | Lair:3   | Reached skill level 5 in Conjurations
 15581 | Lair:3   | Killed a death yak
 15586 | Lair:3   | Killed a death yak
 15590 | Lair:3   | Killed a death yak
 15593 | Lair:3   | Killed a death yak
 16114 | Lair:4   | Reached XP level 13. HP: 67/76 MP: 15/20
 16397 | Lair:4   | Offered knowledge of Mephitic Cloud by Vehumet.
 16624 | Lair:4   | Learned a level 3 spell: Mephitic Cloud
 16668 | Lair:4   | Identified the +7 dagger of Usodaal {drain, rF+ rC++ Will+}
 17828 | Lair:5   | Reached **** piety under Vehumet
 17950 | Lair:5   | Found a viscous altar of Jiyva.
 17950 | Lair:5   | Found a staircase to the Slime Pits.
 18453 | Lair:5   | Offered knowledge of Inner Flame by Vehumet.
 18633 | Lair:5   | Identified the +7 dire flail of Bloodstone {vorpal, Will+
                  | Int+4 Stlth-}
 18981 | Lair:6   | Entered Level 6 of the Lair of Beasts
 19298 | Lair:6   | Reached skill level 10 in Armour
 19375 | Lair:6   | Gained mutation: Your large and strong wings let you fly.
                  | [Gargoyle growth]
 19375 | Lair:6   | Reached XP level 14. HP: 86/86 MP: 24/24
 19644 | Lair:6   | Reached skill level 14 in Ice Magic
 19796 | Lair:6   | Reached ***** piety under Vehumet
 19799 | Lair:6   | Offered knowledge of Airstrike by Vehumet.
 19860 | Lair:6   | Learned a level 4 spell: Airstrike
 19866 | Lair:6   | Learned a level 5 spell: Metabolic Englaciation
 19911 | Lair:6   | Reached skill level 1 in Air Magic
 20050 | Lair:6   | Noticed a dire elephant
 20106 | Lair:6   | Killed a dire elephant
 21305 | Lair:6   | Found a burning altar of Makhleb.
 21325 | Lair:6   | Reached skill level 15 in Ice Magic
 21646 | Lair:6   | Found a gateway to Hell.
 21653 | Lair:6   | Identified the +8 ring mail "Qoubruto" {Harm rF- rN+ Int+5}
 21758 | Lair:6   | Found a stormy altar of Qazlal.
 21976 | D:9      | Learned a level 3 spell: Stone Arrow
 22215 | D:9      | Reached skill level 1 in Earth Magic
 22516 | D:10     | Entered Level 10 of the Dungeon
 22726 | D:10     | Found a staircase to the Orcish Mines.
 22730 | D:10     | Offered knowledge of Lee's Rapid Deconstruction by Vehumet.
 23078 | D:10     | Found a runed translucent gate.
 23078 | D:10     | Found a runed translucent gate.
 23078 | D:10     | Found a runed translucent gate.
 23263 | D:10     | Noticed ma3's ghost (journeyman TrCK)
 23311 | D:11     | Found a gate leading to a gauntlet.
 23325 | D:11     | Identified the +2 helmet "Evvah" {rC+ Str+3}
 23362 | D:11     | Reached skill level 5 in Earth Magic
 23365 | Gauntlet | Entered a Gauntlet
 23365 | Gauntlet | Found a transporter.
 23365 | Gauntlet | Found a transporter.
 23383 | Gauntlet | Found a transporter.
 23396 | Gauntlet | Found a transporter.
 23396 | Gauntlet | Found a transporter.
 23396 | Gauntlet | Found a transporter.
 23399 | Gauntlet | Found a transporter.
 23399 | Gauntlet | Found a transporter.
 23411 | Gauntlet | Found a transporter.
 23429 | Gauntlet | Found a transporter.
 23439 | Gauntlet | Found a transporter.
 23455 | Gauntlet | Found a transporter.
 23475 | Gauntlet | Found a transporter.
 23489 | Gauntlet | Found a transporter.
 23614 | Gauntlet | Identified the ring of Qoedghyb {MP+9 Str+3 SInv}
 23765 | Gauntlet | Identified the amulet "Hudwuosed" {Faith Will+ Str+2}
 23791 | Gauntlet | Found the +3 warlock's mirror {reflect}
 23791 | Gauntlet | Identified the +1 pearl dragon scales of the Modern Mice
                  | {rPois rN+ Str+4}
 23846 | Gauntlet | Identified the +2 war axe "Goblinslayer" {vamp, Str+4}
 24113 | D:11     | Noticed Sonja
 24116 | D:11     | Killed Sonja
 24117 | D:11     | Reached skill level 1 in Shields
 24117 | D:11     | Reached XP level 15. HP: 90/90 MP: 27/27
 24894 | D:12     | Found a transporter.
 24899 | D:12     | Found a transporter.
 24925 | D:12     | Noticed RNPValinor's ghost (journeyman DsFi)
 25330 | D:12     | Noticed Maurice
 25366 | D:12     | Reached skill level 5 in Shields
 25369 | D:12     | Killed Maurice
 25483 | D:12     | Noticed Josephine
 25494 | D:12     | Killed Josephine
 25585 | D:12     | Noticed Azrael
 25599 | D:12     | Killed Azrael
 26868 | D:13     | Offered knowledge of Freezing Cloud by Vehumet.
 27373 | D:14     | Found Ufulewodae's Distillery.
 27377 | D:14     | Found Feklaec's Antique Armour Emporium.
 27380 | D:14     | Found Sanaqya's Distillery.
 27381 | D:14     | Found Siteahy's Assorted Antiques.
 27730 | D:14     | Learned a level 5 spell: Freezing Cloud
 28328 | D:14     | Found a gate to the Vaults.
 28478 | D:15     | Entered Level 15 of the Dungeon
 28596 | D:15     | Reached skill level 10 in Spellcasting
 28938 | D:15     | Reached skill level 10 in Fighting
 28971 | D:15     | Found a staircase to the Depths.
 29068 | D:15     | Reached XP level 16. HP: 98/98 MP: 30/30
 29286 | Orc:1    | Entered Level 1 of the Orcish Mines
 29286 | Orc:1    | Found Ehuhyepn's Book Shop.
 29807 | Orc:1    | Noticed Nergalle
 29817 | Orc:1    | Killed Nergalle
 30208 | Orc:2    | Entered Level 2 of the Orcish Mines
 30229 | Orc:2    | Offered knowledge of Iron Shot by Vehumet.
 30247 | Orc:2    | Found a staircase to the Elven Halls.
 30430 | Orc:2    | Found Omo Ho Ampe's Antique Weapon Shoppe.
 30486 | Orc:2    | Found Byovymio's Distillery.
 30570 | Orc:2    | Found Isaera's Weapon Emporium.
 30571 | Orc:2    | Found Nomaa's Magic Scroll Shoppe.
 31019 | Spider:1 | Entered Level 1 of the Spider Nest
 31557 | Spider:1 | Offered knowledge of Irradiate by Vehumet.
 32348 | Spider:2 | Noticed Agnes
 32365 | Spider:1 | Killed Agnes
 32366 | Spider:1 | Reached skill level 1 in Hexes
 33084 | Spider:2 | Reached XP level 17. HP: 86/111 MP: 30/31
 33265 | Spider:2 | Reached skill level 5 in Hexes
 33748 | Spider:2 | Noticed Mlioglotl
 33835 | Swamp:1  | Entered Level 1 of the Swamp
 34286 | Swamp:1  | Noticed Donald
 34318 | Lair:2   | Killed Donald
 34737 | Swamp:1  | Reached skill level 16 in Ice Magic
 34908 | Swamp:1  | Noticed Roxanne
 35268 | Swamp:1  | Killed Roxanne
 35529 | Swamp:1  | Noticed Kirke
 35540 | Swamp:1  | Killed Kirke
 35702 | Swamp:1  | Reached ****** piety under Vehumet
 35857 | Swamp:2  | Offered knowledge of Eringya's Noxious Bog by Vehumet.
 36515 | Swamp:2  | Noticed Frances
 36525 | Swamp:2  | Killed Frances
 37774 | Swamp:4  | Entered Level 4 of the Swamp
 38388 | Swamp:4  | Reached XP level 18. HP: 116/116 MP: 32/32
 38618 | Swamp:4  | Noticed a tentacled monstrosity
 39033 | Swamp:4  | Reached skill level 10 in Dodging
 39117 | Swamp:4  | Noticed a tentacled monstrosity
 39129 | Swamp:4  | Killed a tentacled monstrosity
 39201 | Swamp:4  | Killed a tentacled monstrosity
 39518 | Swamp:4  | Got a decaying rune of Zot
 40022 | Vaults:1 | Entered Level 1 of the Vaults
 40043 | Vaults:1 | Offered knowledge of Orb of Destruction by Vehumet.
 40430 | Vaults:1 | Reached skill level 10 in Conjurations
 41199 | Vaults:1 | Offered knowledge of Shatter by Vehumet.
 41199 | Vaults:1 | Offered knowledge of Chain Lightning by Vehumet.
 41199 | Vaults:1 | Offered knowledge of Polar Vortex by Vehumet.
 41506 | Vaults:1 | Noticed Saint Roka
 41514 | Vaults:1 | Reached XP level 19. HP: 75/121 MP: 17/33
 41532 | Vaults:1 | HP: 4/121 [Saint Roka (27)]
 41545 | Vaults:1 | Killed Saint Roka
 42418 | Vaults:1 | Found Wood's Assorted Antiques.
 42934 | Vaults:2 | Reached skill level 10 in Maces & Flails
 43923 | Vaults:2 | Paralysed by a great orb of eyes for 4 turns
 44716 | Vaults:2 | Found a staircase to the Crypt.
 44716 | Vaults:2 | Found a basalt altar of Yredelemnul.
 44717 | Vaults:2 | Found an ancient bone altar of Kikubaaqudgha.
 45372 | Vaults:3 | Noticed Asterion
 45387 | Vaults:3 | Killed Asterion
 45774 | Vaults:3 | Noticed Aizul
 45784 | Vaults:3 | Killed Aizul
 45898 | Vaults:3 | Reached XP level 20. HP: 118/127 MP: 34/34
 45903 | Vaults:3 | Reached skill level 17 in Ice Magic
 46656 | Vaults:3 | Noticed Boris
 46674 | Vaults:3 | Killed Boris
 47416 | Vaults:4 | Reached skill level 18 in Ice Magic
 47528 | Vaults:4 | Found Nenlearo's Book Shoppe.
 48079 | Vaults:4 | Reached skill level 19 in Ice Magic
 48107 | Vaults:4 | Noticed Sojobo
 48734 | Vaults:4 | Paralysed by an air elemental for 1 turns
 48736 | Vaults:4 | Paralysed by an air elemental for 1 turns
 48748 | Vaults:4 | Killed Sojobo
 49833 | Depths:1 | Entered Level 1 of the Depths
 50467 | Depths:1 | Reached skill level 20 in Ice Magic
 51157 | Depths:1 | Found a one-way gateway to a ziggurat.
 51172 | Depths:1 | Reached XP level 21. HP: 128/132 MP: 35/35
 51182 | Depths:1 | Learned a level 9 spell: Polar Vortex
 51601 | Depths:1 | Found a one-way gate leading to the halls of Pandemonium.
 52317 | Depths:2 | Paralysed by a great orb of eyes for 3 turns
 53012 | Depths:2 | Found Risuf's Jewellery Boutique.
 53019 | Depths:2 | Found Yfut's Distillery.
 54159 | Depths:3 | Noticed a juggernaut
 54457 | Depths:3 | Noticed a caustic shrike
 54469 | Depths:3 | Killed a caustic shrike
 55189 | Depths:3 | Killed a juggernaut
 55190 | Depths:3 | Reached skill level 10 in Shields
 55452 | Depths:3 | Identified the +7 great mace of the Sneaky Mystics {freeze,
                  | rC+ Int+2}
 55452 | Depths:3 | Identified the ring of Xociodel {rC+ Int+2}
 55466 | Depths:3 | Paralysed by a great orb of eyes for 3 turns
 56672 | Depths:3 | Identified the +8 hand axe of Sunlight {vorpal, *Corrode
                  | MP+9 Str+3 SInv}
 57605 | Depths:3 | Reached XP level 22. HP: 137/137 MP: 39/39
 57864 | Depths:3 | Identified the ring of Xaetyqia {Fire Int-3 Dex+6}
 58335 | Depths:4 | Entered Level 4 of the Depths
 58439 | Depths:4 | Noticed Louise
 58454 | Depths:4 | Killed Louise
 58603 | Depths:4 | Noticed a dread lich
 58610 | Depths:4 | Voluntarily entered the Abyss.
 58914 | Depths:4 | Escaped the Abyss
 58916 | Depths:4 | Paralysed by a dread lich for 2 turns
 58917 | Depths:4 | Noticed a caustic shrike
 58917 | Depths:4 | Noticed a caustic shrike
 58917 | Depths:4 | Noticed a caustic shrike
 58917 | Depths:4 | Noticed a caustic shrike
 58917 | Depths:4 | Noticed a caustic shrike
 58928 | Depths:4 | Killed a caustic shrike
 58930 | Depths:4 | Killed a caustic shrike
 58931 | Depths:4 | Killed a caustic shrike
 58933 | Depths:4 | Killed a caustic shrike
 58936 | Depths:4 | Killed a caustic shrike
 59270 | Depths:4 | Killed a dread lich
 59288 | Depths:4 | Reached skill level 21 in Ice Magic
 59856 | Depths:4 | Noticed a golden dragon
 59867 | Depths:4 | Killed a golden dragon
 60584 | Depths:4 | Got Gloorx Vloq's Grimoire of Unholy Rituals
 61000 | Depths:4 | Noticed a golden dragon
 61022 | Depths:4 | Killed a golden dragon
 61231 | Depths:4 | Found a gate to the Realm of Zot.
 61270 | Depths:4 | Found Wotoci's Jewellery Shop.
 61270 | Depths:4 | Found Mojeukha's Book Shoppe.
 61271 | Depths:4 | Found Heafosmi's Jewellery Shop.
 61563 | Elf:1    | Entered Level 1 of the Elven Halls
 61698 | Elf:1    | Paralysed by an air elemental for 1 turns
 61704 | Elf:1    | Paralysed by an air elemental for 1 turns
 61802 | Elf:1    | Reached skill level 22 in Ice Magic
 62279 | Elf:1    | Found Weatus's Armour Shop.
 62886 | Elf:2    | Reached XP level 23. HP: 142/142 MP: 40/40
 63055 | Elf:2    | Paralysed by an air elemental for 1 turns
 63218 | Elf:2    | Found a huge runed translucent gate.
 63218 | Elf:2    | Found a huge runed translucent gate.
 63236 | Elf:2    | Found a huge runed translucent gate.
 63236 | Elf:2    | Found a huge runed translucent gate.
 63236 | Elf:2    | Found a huge runed translucent gate.
 63979 | Elf:2    | Reached skill level 15 in Spellcasting
 64374 | Elf:3    | Entered Level 3 of the Elven Halls
 64500 | Elf:3    | Paralysed by an air elemental for 1 turns
 64506 | Elf:3    | Paralysed by an air elemental for 1 turns
 65025 | Elf:3    | Identified the +1 leather armour of the Blue Moon {rF+ rC+
                  | Dex+3}
 65077 | Elf:3    | Cast into level 2 of the Abyss (a deep elf demonologist)
 65160 | Elf:3    | Escaped the Abyss
 65293 | Elf:3    | Identified the +1 plate armour "Duprudiff" {Rampage rElec
                  | rPois Dex-4}
 65595 | Elf:3    | Identified the ring "Huremoh" {Drain Fly rF+ rN+ Will+++}
 66001 | Elf:3    | Identified the +1 scale mail of Untruth {rPois}
 66013 | Elf:3    | Got the Catalogue of Frigorific Malediction
 66446 | Elf:3    | Found a portal to a secret trove of treasure.
 67197 | Spider:2 | Killed Mlioglotl
 68311 | Spider:3 | Found a transporter.
 68311 | Spider:3 | Noticed DEFE's ghost (adept DsFi)
 68325 | Spider:3 | Found a transporter.
 68437 | Spider:3 | Killed DEFE's ghost
 68513 | Spider:3 | Identified the +3 helmet "Forget-Me-Not" {*Slow rC+ Int+4}
 68760 | D:10     | Killed ma3's ghost
 68856 | D:10     | Got the ring "Jixuighi" {Fire rN+ Int+3 Slay-2}
 68943 | D:8      | Killed NigelTetley's ghost
 69101 | D:12     | Killed RNPValinor's ghost
 69192 | D:12     | Got the Handbook of Dark Enchantment
 69376 | Spider:4 | Entered Level 4 of the Spider Nest
 69403 | Spider:4 | Reached XP level 24. HP: 128/148 MP: 44/44
 70660 | Spider:4 | Reached skill level 23 in Ice Magic
 70753 | Spider:4 | Got a gossamer rune of Zot
 70860 | Spider:4 | Noticed Nikola
 70880 | Spider:4 | Killed Nikola
 71392 | Crypt:1  | Entered Level 1 of the Crypt
 71616 | Crypt:1  | Identified the +3 shortbow of Distant Worlds {speed, rCorr}
 72050 | Crypt:1  | Noticed a dread lich
 72066 | Crypt:1  | Killed a dread lich
 72237 | Crypt:1  | Reached skill level 24 in Ice Magic
 72341 | Crypt:1  | Noticed Bai Suzhen
 72403 | Crypt:1  | Killed Bai Suzhen
 73068 | Crypt:2  | Noticed Xtahua
 73076 | Crypt:2  | Killed Xtahua
 73501 | Crypt:2  | Found a runed translucent door.
 73501 | Crypt:2  | Noticed Qetoluuv's ghost (adept GrFi)
 73804 | Crypt:2  | Killed Qetoluuv's ghost
 73805 | Crypt:2  | Reached XP level 25. HP: 153/153 MP: 46/46
 73860 | Crypt:3  | Entered Level 3 of the Crypt
 74113 | Crypt:3  | Found a basalt altar of Yredelemnul.
 74120 | Crypt:3  | Reached skill level 15 in Fighting
 74621 | Crypt:3  | Noticed Khufu
 74642 | Crypt:3  | Killed Khufu
 74943 | Crypt:3  | Found a staircase to the Tomb.
 74989 | Crypt:3  | Got the Papyrus of Congealing Summoning
 75272 | Crypt:3  | Identified the +8 eveningstar "Xajion" {vorpal, Fragile
                  | +Blink Will++ Stlth+}
 75853 | Crypt:3  | Identified the ring of Recklessness {rC+ rCorr Str+6 Dex+4}
 75854 | Crypt:3  | Identified the amulet "Barphois" {Regen+ Str+7}
 76099 | Crypt:3  | Identified the ring of Myxuckof {rN+ Int+4}
 76568 | Slime:1  | Entered Level 1 of the Pits of Slime
 76797 | Slime:1  | Gained mutation: Your magical capacity is low. (-10% MP) [a
                  | shining eye]
 77600 | Slime:2  | You are sucked into a shaft and drop 1 floor!
 77725 | Slime:3  | Reached skill level 5 in Air Magic
 77904 | Slime:3  | Noticed Dissolution
 77915 | Slime:3  | Killed Dissolution
 78996 | Slime:5  | Entered Level 5 of the Pits of Slime
 79049 | Slime:5  | Reached XP level 26. HP: 120/161 MP: 42/42
 79051 | Slime:5  | Noticed the Royal Jelly
 79330 | Slime:5  | Killed the Royal Jelly
 79454 | Slime:5  | Gained mutation: You sometimes lose the ability to read
                  | scrolls when taking damage. [a shining eye]
 79472 | Slime:5  | Got a slimy rune of Zot
 79487 | Slime:5  | Identified the +3 scale mail of Defiance {Contam rElec
                  | Str+2 Int+6}
 79525 | Slime:5  | Identified the +8 arbalest of Rim Sag {flame, +Blink rElec
                  | Str+2}
 79542 | Slime:5  | Identified the ring "Laran" {rF+ rN++ Will+ Dex+6}
 80255 | Zot:1    | Entered Level 1 of the Realm of Zot
 80593 | Zot:1    | HP: 8/161 [constriction (1)]
 81544 | Zot:1    | Noticed an orb of fire
 81548 | Zot:1    | Gained mutation: You occasionally shout uncontrollably at
                  | your foes. [an orb of fire]
 81552 | Zot:1    | Killed an orb of fire
 84379 | Zot:3    | Reached XP level 27. HP: 141/173 MP: 44/44
 84727 | Zot:3    | Identified the +2 helmet of Gowiggi {rF++ rC+ Dex-3}
 85909 | Zot:4    | Reached skill level 15 in Shields
 86563 | Zot:4    | Reached skill level 15 in Maces & Flails
 87108 | Depths:4 | Voluntarily entered the Abyss.
 87318 | Abyss:3  | Found a transporter.
 87353 | Abyss:3  | Got an abyssal rune of Zot
 87437 | Depths:4 | Escaped the Abyss
 87625 | Hell     | Entered the Vestibule of Hell
 87625 | Hell     | Noticed Geryon
 87643 | Hell     | Killed Geryon
 87653 | Hell     | Reached skill level 15 in Armour
 87863 | Hell     | Found a gateway to the Iron City of Dis.
 87975 | Hell     | Found a gateway to the freezing wastes of Cocytus.
 88109 | Hell     | Found a gateway to the ashen valley of Gehenna.
 88199 | Hell     | Found a gateway to the decaying netherworld of Tartarus.
 88218 | Tar:1    | Entered Level 1 of Tartarus
 88239 | Tar:1    | Reached skill level 5 in Evocations
 88832 | Coc:1    | Entered Level 1 of Cocytus
 90515 | Hell     | Learned a level 9 spell: Shatter
 90561 | Geh:1    | Entered Level 1 of Gehenna
 90978 | Geh:2    | Noticed a dread lich
 90985 | Geh:2    | Killed a dread lich
 91339 | Geh:3    | Reached skill level 10 in Earth Magic
 92390 | Geh:5    | HP: 6/166 [searing wretch (5)]
 92423 | Geh:5    | Noticed a dread lich
 92894 | Geh:5    | Killed a dread lich
 93511 | Geh:6    | Noticed an ancient lich
 93518 | Geh:6    | Killed an ancient lich
 93937 | Geh:7    | Entered Level 7 of Gehenna
 94013 | Geh:7    | Reached skill level 15 in Earth Magic
 94580 | Hell     | Upgraded the game from 0.29-a0-113-g078de9bc30 to
                  | 0.29-a0-243-g602b31c20e
 94809 | Hell     | Quit the game

Illustrated notes

Levels and vault maps discovered:
D:1:      beargit_arrival_greenhouse, layout_basic,
          nicolae_ecumenical_snake_handling, chequers_serial_rivers_micro_a,
          minmay_tromino_mix6
D:2:      layout_loops_corners, basic_altar, nicolae_figureground_pulse
D:3:      layout_loops_cross, yredelemnul_forgotten_temple_becter,
          chequers_serial_rivers_micro_c, minmay_misc_feat_rugged,
          minmay_misc_feat_alley, uniq_robin, uniq_grinder
D:4:      layout_rooms
D:5:      cheibrodos_fzero, layout_basic, serial_shops,
          nicolae_shop_bloodbath_and_beyond, nicolae_shop_trees,
          kennysheep_mini_moat, nicolae_diamond_shop, shop,
          hangedman_abyss_or_decor_jellyfish_corner, uniq_sigmund
D:6:      wander_river, layout_basic, old_standard_altar,
          minmay_temple_entry_tees, uniq_maggie
D:7:      layout_basic, grunt_ministairs_7, hangedman_decor_slide_cut,
          lemuel_flamethrower_2
D:8:      layout_loops_ring, nicolae_overflow_hidden_temple,
          lemuel_crystal_altar, grunt_dithmenos_smoke_and_mirrors,
          gammafunk_ghost_abyssal_escape
D:9:      layout_roguey, lair_entry_dummy
D:10:     layout_loops_ring, david_orc_5, gammafunk_ghost_icy
D:11:     layout_loops_ring, gauntlet_entry_generic, minivault_21,
          chequers_serial_rivers_small_a, columned_hall_lemuel, uniq_sonja
D:12:     layout_roguey, serial_curves, eino_curves_03, eino_curves_03,
          gammafunk_ghost_hive, uniq_josephine, uniq_azrael, uniq_maurice
D:13:     layout_loops_ring
D:14:     layout_long_grid, grunt_vaults_entry_fortified,
          minmay_misc_feat_secret_circle, minmay_shop_grid_forest
D:15:     gammafunk_enter_depths_forms, layout_rooms
Temple:   eino_temple_lava
Lair:1:   layout_regular_city
Lair:2:   layout_regular_city, palyth_hydra_swamp_entry, serial_bayou_shore_a,
          infiniplex_staircase_pool
Lair:3:   layout_roguey, spider_nest_entry_a, chequers_serial_rivers_micro_e,
          grunt_megastairs_5
Lair:4:   layout_cave_pods, grunt_megastairs_4
Lair:5:   layout_regular_city, slime_altar_1, infiniplex_staircase_pool_2,
          wad_woods_river_01
Lair:6:   evil_forest, layout_loops_ring, lemuel_oklob_altar
Swamp:1:  layout_basic_swamp, nicolae_swamp_tree_isthmus, uniq_roxanne,
          uniq_kirke, uniq_donald
Swamp:2:  layout_falls_marsh, evilmike_swamp_ruin_house_2, swamp_pool1,
          uniq_frances
Swamp:3:  layout_basic_swamp, nicolae_swamp_dense_foliage
Swamp:4:  nzn_swamp_witches_coven, layout_basic_swamp
Spider:1: layout_spider_delve
Spider:2: layout_spider_delve, nicolae_spider_bzzzt, uniq_agnes, uniq_mlioglotl
Spider:3: layout_spider_delve, gammafunk_ghost_berserking_beasts
Spider:4: floodkiller_spider_rune_tomb, uniq_nikola
Slime:1:  nicolae_slime_jelly_donut, layout_caves
Slime:2:  layout_caves
Slime:3:  cheibrodos_slime_lost_civilization_10, layout_caves,
          dissolution_awaits
Slime:4:  layout_caves, nicolae_slime_ancient_tower_intersection,
          cheibrodos_slime_lost_civilization_7
Slime:5
Orc:1:    layout_caves, basic_altar, serial_shops, shop,
          portal_ice_cave_demonic_guard, uniq_nergalle
Orc:2:    st_orc_open, layout_caves
Elf:1:    layout_loops_ring, serial_shops, shop, hangedman_elf_represent
Elf:2:    elven_hall_of_blades_hangedman_alternative
          [nicolae_blade_entry_area_security], layout_geoelf_octagon
Elf:3:    grunt_elf_hall_asides, layout_loops_corners,
          nicolae_trove_entry_diagonal, uniq_louise
Vaults:1: nicolae_vaults_lopsided_apartments, nicolae_vaults_specimen_jars,
          vaults_room_hallway, nicolae_vaults_little_squares_4,
          nicolae_vaults_network_star, ontoclasm_vaults_decontamination,
          vaults_mumra_lcd, nicolae_vaults_angled_halls,
          dpeg_vaults_monster_box, nicolae_vaults_network_s,
          hangedman_vaults_capsules, vaults_room_corners, layout_vaults_ring,
          serial_shops, shop, uniq_saint_roka
Vaults:2: ontoclasm_vaults_gateway, v_alt_pattern_4,
          minmay_crypt_entry_necro_gods, nicolae_vaults_angled_halls, v_misc_17,
          grunt_vaults_funnel, hangedman_vaults_corner_blocks,
          vaults_mumra_minichess_inversion, vaults_room_door_hall,
          nicolae_vaults_disjoint_gnomons, v_misc_9, ontoclasm_vaults_twist,
          vaults_dpeg_hooks, layout_vaults_omnibox
Vaults:3: nicolae_vaults_minivaults, v_misc_12, hangedman_vaults_slice,
          serial_ice_h, vaults_room_semicircle, layout_vaults_omnigrid,
          uniq_aizul, uniq_asterion, uniq_boris
Vaults:4: nicolae_vaults_ninety_degrees, v_misc_22,
          vaults_room_grunt_arrival_checkpoint, v_alt_pattern_4,
          nicolae_vaults_three_branches, nicolae_vaults_little_squares_2,
          vaults_room_hallway, vaults_room_pool, hangedman_vaults_restitches,
          layout_vaults_chaotic_city, serial_shops, nicolae_shop_hallway_stairs,
          uniq_margery, uniq_sojobo
Crypt:1:  hangedman_staggered_hall, layout_rooms, uniq_bai_suzhen
Crypt:2:  layout_gridlike, ebering_ghost_inner_flame, uniq_xtahua
Crypt:3:  grunt_crypt_end_deaths_head
Depths:1: layout_gridlike, enter_ziggurat_d, hangedman_decor_riveting,
          pan_entry, hell_entry, serial_sigils_hangedman_stare,
          serial_bayou_pond_b, minmay_protected_statue
Depths:2: hangedman_surveillance_ring, layout_gridville, grunt_pan_entry_zigzag,
          hell_entry, minmay_staircase_statues, minmay_shoptagon
Depths:3: box_level_dp, hell_entry, abyss_entry
Depths:4: grunt_zot_entry_gee_three, layout_basic,
          nicolae_abyss_entry_one_way_or_another, hell_entry, special_room
          [special_room_morgue], minmay_shop_grove
Hell
Geh:1:    layout_gehenna_pools_triple
Geh:2:    layout_gehenna_lava_caves
Geh:3:    nicolae_geh_gridlava [nicolae_sub_geh_gridintersect,
          nicolae_sub_geh_gridintersect, nicolae_sub_geh_gridintersect,
          nicolae_sub_geh_gridintersect], layout_gehenna_pools_basic
Geh:4:    layout_gehenna_pools_basic
Geh:5:    layout_gehenna_pools_box, hangedman_elemental_grid_stream
Geh:6:    layout_gehenna_lava_caves
Geh:7:    geh_old
Coc:1:    layout_cocytus_water_paths
Coc:2:    layout_ice_bergs
Coc:3:    layout_ice_bergs, serial_ice, serial_ice_a, serial_ice_b
Tar:1:    layout_catacombs
Tar:2:    layout_grid_maze
Zot:1:    kennysheep_room_grid, layout_cathedral_of_symmetry
Zot:2:    layout_concentric_octagons, lemuel_baited_zot_trap
Zot:3:    layout_basic
Zot:4:    layout_concentric_octagons

Skill      XL: |  1  2  3  4  5  6  7  8  9 10 11 12 13 14 15 16 17 18 19 20 21 22 23 24 25 26 27 |
---------------+----------------------------------------------------------------------------------+-----
Ice Magic      | 5 6 7 8 11 13 15 16 20 22 24 | 24.0
Spellcasting   | 3 4 5 7 8 10 13 17 19 20 22 | 22.0
Maces & Flails | 3 8 9 13 14 16 | 16.5
Fighting       | 5 7 9 10 14 15 18 | 18.0
Dodging        | 2 6 8 12 | 12.0
Armour         | 6 10 12 13 14 16 | 16.0
Evocations     | 3 9 |  9.7
Conjurations   | 8 9 12 13 | 13.1
Air Magic      | 4 7 |  7.0
Earth Magic    | 6 16 | 16.4
Shields        | 1 7 9 12 13 15 | 15.0
Hexes          | 3 5 |  5.1
Stealth        | |  2.1

Action                   |  1- 3 |  4- 6 |  7- 9 | 10-12 | 13-15 | 16-18 | 19-21 | 22-24 | 25-27 || total
-------------------------+-------+-------+-------+-------+-------+-------+-------+-------+-------++-------
Melee: Short sword       |    19 |    10 |       |       |       |       |       |       |       ||    29
       Unarmed           |     1 |       |       |       |       |       |       |       |       ||     1
       Morningstar       |       |    23 |       |       |       |       |       |       |       ||    23
       Demon whip        |       |    11 |   202 |   346 |   808 |   808 |  1071 |  1350 |   162 ||  4758
       Punch             |       |       |       |     8 |     8 |       |       |       |       ||    16
       Dagger            |       |       |       |       |    49 |       |       |       |       ||    49
       Eveningstar       |       |       |       |       |       |       |       |       |   828 ||   828
Throw: Dart              |       |       |       |     2 |       |       |       |       |       ||     2
 Cast: Freeze            |    37 |    36 |    17 |    48 |    82 |     7 |       |       |       ||   227
       Frozen Ramparts   |       |    10 |    26 |    48 |    97 |    64 |    86 |    65 |    11 ||   407
       Ozocubu's Armour  |       |       |    11 |    30 |    57 |    26 |    42 |    27 |     7 ||   200
       Hailstorm         |       |       |     3 |    10 |    65 |    38 |    11 |     9 |    14 ||   150
       Mephitic Cloud    |       |       |       |       |     4 |       |       |       |       ||     4
       Stone Arrow       |       |       |       |       |    35 |   366 |   305 |   380 |   170 ||  1256
       Freezing Cloud    |       |       |       |       |       |    43 |    77 |    50 |    26 ||   196
       Metabolic Englaci |       |       |       |       |       |     8 |    18 |    15 |     2 ||    43
       Polar Vortex      |       |       |       |       |       |       |       |    39 |   139 ||   178
       Airstrike         |       |       |       |       |       |       |       |       |    27 ||    27
Evoke: Wand              |       |       |     8 |       |     6 |       |     3 |       |       ||    17
       Lightning rod     |       |       |       |       |       |     1 |       |       |       ||     1
  Use: Scroll            |       |       |     8 |     1 |    21 |     3 |    11 |     2 |     1 ||    47
       Potion            |       |       |       |       |       |       |    12 |     3 |     3 ||    18
 Stab: Sleeping          |       |     1 |     1 |     3 |     4 |       |       |     1 |     2 ||    12
       Distracted        |       |       |     1 |     1 |     1 |       |       |     1 |     3 ||     7
       Confused          |       |       |       |       |     1 |       |       |       |       ||     1
       Paralysed         |       |       |       |       |       |       |       |     1 |       ||     1
Armor: Robe              |    14 |    37 |    87 |       |       |       |       |       |       ||   138
       Acid dragon scale |       |       |       |   155 |   262 |       |       |       |       ||   417
       Pearl dragon scal |       |       |       |       |   197 |   549 |   628 |   909 |  1059 ||  3342
Dodge: Dodged            |    28 |    59 |   131 |   204 |   596 |   496 |   408 |   522 |   600 ||  3044
Block: Kite shield       |       |       |       |       |     1 |       |       |       |       ||     1
       Buckler           |       |       |       |       |   148 |   389 |   378 |   609 |   640 ||  2164
       Reflection        |       |       |       |       |     7 |    24 |    65 |    43 |    46 ||   185

Table legend: (Time is in decaauts)
 A = Elapsed time spent in this place.
 B = Non-inter-level travel time spent in this place.
 C = Inter-level travel time spent in this place.
 D = Time resting spent in this place.
 E = Time spent auto-exploring this place.
 F = Levels seen in this place.
 G = Mean time per level.
                   A        B        C        D        E       F      G
               +--------+--------+--------+--------+--------+-----+--------+
         Total |  93021 |  85902 |   7119 |   6487 |  64407 |  74 | 1257.0 |
       Dungeon |  20881 |  17993 |   2888 |   1564 |  13530 |  15 | 1392.1 |
        Temple |     27 |     18 |      9 |      0 |     10 |   1 |   27.0 |
          Lair |  10726 |   9816 |    910 |    225 |   7834 |   6 | 1787.7 |
         Swamp |   5550 |   5428 |    122 |    161 |   4502 |   4 | 1387.5 |
   Spider Nest |   5766 |   5409 |    357 |   1266 |   2951 |   4 | 1441.5 |
    Slime Pits |   3293 |   3065 |    228 |     38 |   2486 |   5 |  658.6 |
  Orcish Mines |   1322 |   1241 |     81 |      0 |    943 |   2 |  661.0 |
   Elven Halls |   5175 |   4886 |    289 |    110 |   3907 |   3 | 1725.0 |
        Vaults |   9556 |   9021 |    535 |    544 |   6851 |   4 | 2389.0 |
         Crypt |   4582 |   4407 |    175 |      0 |   3487 |   3 | 1527.3 |
        Depths |  11676 |  11009 |    667 |    262 |   9000 |   4 | 2919.0 |
          Hell |   3334 |   3261 |     73 |   2153 |    903 |   1 | 3334.0 |
       Gehenna |   2742 |   2289 |    453 |      0 |   1682 |   7 |  391.7 |
       Cocytus |    581 |    513 |     68 |      0 |    422 |   3 |  193.7 |
      Tartarus |    461 |    445 |     16 |      0 |    372 |   2 |  230.5 |
           Zot |   6156 |   5915 |    241 |      0 |   5063 |   4 | 1539.0 |
         Abyss |    681 |    681 |      0 |    151 |    230 |   5 |  136.2 |
      Gauntlet |    503 |    503 |      0 |     12 |    232 |   1 |  503.0 |
               +--------+--------+--------+--------+--------+-----+--------+

Top non-repeatable levels by time:
Depths:3: 4851 daAuts
    Hell: 3334 daAuts
Vaults:1: 2957 daAuts
  Lair:6: 2819 daAuts
Depths:4: 2799 daAuts
     D:5: 2775 daAuts
   Elf:3: 2474 daAuts
Vaults:3: 2471 daAuts
Vaults:2: 2442 daAuts
  Lair:2: 2354 daAuts
 Crypt:3: 2244 daAuts
Depths:1: 2183 daAuts
   Zot:1: 2126 daAuts
Spider:1: 2060 daAuts
 Swamp:4: 1968 daAuts
